 Dungeon Crawl Stone Soup version 0.27-a0-406-g23f261fbd2 (webtiles) character file.

Game seed: 13946229062582386145

247 Hasart the Slasher (level 5, -4/45 HPs)
             Began as a Demigod Fighter on Feb 22, 2021.
             Killed by divine providence
             ... invoked by an orc priest
              (11 damage)
             ... on level 4 of the Dungeon.
             The game lasted 00:02:59 (2311 turns).

Hasart the Slasher (Demigod Fighter)                Turns: 2311, Time: 00:03:00

Health: -4/45      AC: 10    Str: 21    XL:     5   Next: 54%
Magic:  7/7        EV:  8    Int: 10    God:
Gold:   108        SH:  9    Dex: 13    Spells: 4/4 levels left

rFire    . . .     SeeInvis .   a - +0 long sword
rCold    . . .     Faith    .   c - +0 kite shield
rNeg     . . .     Spirit   .   b - +0 scale mail
rPois    .         Reflect  .   o - +2 helmet
rElec    .         Harm     .   (no cloak)
rCorr    .         Rampage  .   (no gloves)
Will     .....                  (no boots)
Stlth    ..........             (no amulet)
HPRegen  0.15/turn              (no ring)
MPRegen  0.10/turn              (no ring)

@: no status effects
A: high mp 1
a: no special abilities


You were on level 4 of the Dungeon.
You visited 1 branch of the dungeon, and saw 4 of its levels.

You collected 108 gold pieces.

Inventory:

Hand Weapons
 a - a +0 long sword (weapon)
Armour
 b - a +0 scale mail (worn)
 c - a +0 kite shield (worn)
 o - a +2 helmet (worn)
Scrolls
 e - a scroll of random uselessness {unknown}
 g - a scroll of blinking {unknown}
 h - a scroll of enchant weapon {unknown}
 j - 2 scrolls of teleportation {unknown}
 l - 2 scrolls of identify {unknown}
 m - 2 scrolls of immolation {unknown}
Potions
 d - a potion of might
 f - 3 potions of curing {unknown}
 i - 2 potions of heal wounds {unknown}
 k - a potion of berserk rage {unknown}
 n - 2 potions of lignification {unknown}
 p - a potion of invisibility {unknown}


   Skills:
 + Level 3.4 Fighting
 * Level 3.6 Long Blades
 + Level 3.4 Armour
 + Level 1.9 Dodging
 + Level 3.4 Shields


You had 4 spell levels left.
You didn't know any spells.
Your spell library was empty.

Dungeon Overview and Level Annotations

Branches:
Dungeon (4/15)
 Temple: D:4-7


Innate Abilities, Weirdness & Mutations

You have an increased reservoir of magic. (+10% MP)


Message History

You miss the orc wizard.
The orc wizard is almost dead.
The orc wizard points at you and mumbles some strange words.
The magic dart hits you.
You hit the orc wizard.
You kill the orc wizard!
Your shield and scale mail prevent you from hitting the orc.
The orc hits you but does no damage. The orc closely misses you.
You hit the orc.
The orc is lightly wounded.
The orc hits you but does no damage.
You hit the orc.
The orc is heavily wounded.
The orc barely misses you.
You riposte.
You closely miss the orc.
The orc is heavily wounded.
You block the orc's attack.
You slash the orc!
You kill the orc!
The orc priest invokes the aid of Beogh against you.
Beogh smites you!
The orc priest calls down the wrath of Beogh upon you.
Beogh smites you!
* * * LOW HITPOINT WARNING * * *
Items here: $ ) [[ ††.
You closely miss the orc priest. You block the orc priest's attack.
You hit the orc priest.
The orc priest is moderately wounded.
You block the orc priest's attack.
The orc priest hits you but does no damage.
Your shield prevents you from hitting the orc priest.
The orc priest is moderately wounded.
You block the orc priest's attack.
You slash the orc priest!
The orc priest is almost dead.
The orc priest hits you but does no damage.
You barely miss the orc priest.
The orc priest is almost dead.
The orc priest calls down the wrath of Beogh upon you.
Beogh smites you!
You die...

##+## ##...## ###
##.<...## # ##.##
##.......#
#####.#...####..........#
...)......†@o'...........
#####.#...####...........
# ##.## ##.......### ###
##.....## ##...## #+##


You could see an orc priest.

Vanquished Creatures
  A scorpion (D:4)
  A howler monkey (D:4)
  An orc priest (D:3)
  An orc wizard (D:4)
  2 adders
  An ooze (D:3)
  A worm (D:4)
  3 dart slugs
  2 leopard geckos
  5 orcs
  4 giant cockroaches
  8 hobgoblins
  A quokka (D:3)
  9 bats
  5 frilled lizards
  5 goblins
  11 kobolds
  7 rats
68 creatures vanquished.

Notes
Turn   | Place    | Note
-------+----------+-------------------------------------------
     0 | D:1      | Hasart the Demigod Fighter began the quest for the Orb.
     0 | D:1      | Reached XP level 1. HP: 18/18 MP: 3/3
   223 | D:1      | Reached XP level 2. HP: 25/25 MP: 4/4
   703 | D:1      | Found an iron altar of Okawaru.
   784 | D:1      | Reached XP level 3. HP: 28/30 MP: 5/5
  1103 | D:2      | Reached skill level 1 in Dodging
  1528 | D:3      | Found an opulent altar of Gozag.
  1606 | D:3      | Reached XP level 4. HP: 38/38 MP: 6/6
  2251 | D:4      | Reached XP level 5. HP: 37/45 MP: 7/7
  2311 | D:4      | Killed from afar by an orc priest

Illustrated notes

Levels and vault maps discovered:
D:1:      sevenhm_arrival_forest_fort_small_6, layout_basic, st_stairs_10
D:2:      layout_basic
D:3:      layout_loops_cross, grunt_gozag_statues, minmay_surrounded
D:4:      layout_loops_corners

Skill      XL: |  1  2  3  4 |
---------------+-------------+-----
Long Blades    | 2 3 |  3.6
Dodging        | 1 |  1.9
Fighting       | 3 |  3.4
Armour         | 3 |  3.4
Shields        | 3 |  3.4

Action                   |  1- 3 |  4- 6 || total
-------------------------+-------+-------++-------
Melee: Long sword        |   110 |    68 ||   178
Armor: Scale mail        |    70 |    34 ||   104
Dodge: Dodged            |    30 |    18 ||    48
Block: Kite shield       |    60 |    27 ||    87
       Rpst.: Long sword |    13 |     8 ||    21

Table legend: (Time is in decaauts)
 A = Elapsed time spent in this place.
 B = Non-inter-level travel time spent in this place.
 C = Inter-level travel time spent in this place.
 D = Time resting spent in this place.
 E = Time spent auto-exploring this place.
 F = Levels seen in this place.
 G = Mean time per level.
                   A        B        C        D        E       F      G
               +--------+--------+--------+--------+--------+-----+--------+
         Total |   2401 |   2299 |    102 |      0 |   1858 |   4 |  600.2 |
       Dungeon |   2401 |   2299 |    102 |      0 |   1858 |   4 |  600.2 |
               +--------+--------+--------+--------+--------+-----+--------+

Top non-repeatable levels by time:
     D:1: 953 daAuts
     D:3: 769 daAuts
     D:2: 584 daAuts
     D:4: 94 daAuts
